 Dungeon Crawl Stone Soup version 0.31-a0-479-g91c9547826 (webtiles) character file.

Game seed: 17329327433280395606

36 Conn the Firebug (level 3, -7/21 HPs)
             Began as an Octopode Fire Elementalist on Aug 7, 2023.
             Killed by divine providence
             ... invoked by an orc priest
              (11 damage)
             ... on level 3 of the Dungeon.
             The game lasted 00:02:06 (1155 turns).

Conn the Firebug (Octopode Fire Elementalist)       Turns: 1155, Time: 00:02:06

Health: -7/21      AC:  1    Str:  7    XL:     3   Next: 37%
Magic:  3/6        EV: 13    Int: 19    God:
Gold:   48         SH:  0    Dex: 12    Spells: 0/6 levels left

rFire   . . .        g - +1 hand axe (flame)
rCold   . . .        (no shield)
rNeg    . . .        (helmet restricted)
rPois   .            (no amulet)
rElec   .            (no ring)
rCorr   .            (no ring)
SInv    .            (no ring)
Will    .....        (no ring)
Stlth   +++          (no ring)
HPRegen 0.23/turn    (no ring)
MPRegen 0.10/turn    (no ring)
                     (no ring)

%: no passive effects
@: no status effects
A: almost no armour, amphibious, 8 rings, camouflage 1, gelatinous body 1,
(nimble swimmer 1), tentacles
a: no special abilities


You were on level 3 of the Dungeon.
You visited 1 branch of the dungeon, and saw 3 of its levels.

You collected 48 gold pieces.

Inventory:

Hand Weapons
 d - a +0 short sword
 g - a +1 hand axe of flaming (weapon)
Missiles
 k - 2 poisoned darts
Scrolls
 f - a scroll of identify {unknown}
 i - a scroll of enchant weapon {unknown}
 j - a scroll of enchant armour {unknown}
Potions
 a - a potion of magic
 b - 2 potions of haste {unknown}
 c - 2 potions of mutation {unknown}
 e - 2 potions of lignification {unknown}
 h - a potion of degeneration {unknown}
 l - a potion of attraction {unknown}
 m - a potion of enlightenment {unknown}


   Skills:
 + Level 0.3 Short Blades
 + Level 2.0 Dodging
 + Level 3.0 Stealth
 * Level 2.4 Spellcasting
 * Level 1.0 Conjurations
 + Level 3.7 Fire Magic


You couldn't memorise any spells.
You knew the following spells:

 Your Spells              Type           Power      Damage    Failure   Level
a - Foxfire               Conj/Fire      44%        2x1d6     6%          1
b - Scorch                Fire           32%        2d6       5%          2
c - Inner Flame           Hex/Fire       9%         N/A       22%         3

Your spell library contained the following spells:

 Spells                   Type           Power      Damage    Failure   Level
 Volatile Blastmotes      Fire/Tloc      18%        2d11      22%         3
 Flame Wave               Conj/Fire      11%        2d6       52%         4


Dungeon Overview and Level Annotations

Branches:
Dungeon (2/15)

Altars:


Innate Abilities, Weirdness & Mutations

You cannot wear most types of armour.
You are amphibious.
You can wear up to eight rings at the same time.
Your skin changes colour to match your surroundings (Stealth+).
Your rubbery body absorbs attacks. (AC +1, EV +1)
((You are camouflaged when in or above water. (Stealth+)))
You have tentacles for arms and can constrict up to eight enemies at once.


Message History

Nothing appears to happen.
Unknown command.
Casting: Foxfire (safe; 6% risk of failure)
Confirm with . or Enter, or press ? or * to list all spells.
You conjure some foxfire!
Unknown command.
You open the door.
An orc priest and an orc come into view.
The orc priest is wielding a +1 heavy hand axe. 2 orcs come into view.
There is an open door here.
The foxfire hits the orc.
The orc is moderately wounded.
The orc shouts!
The orc completely misses you.
The orc priest shouts!
The orc shouts!
Unknown command.
Casting: Foxfire (safe; 6% risk of failure)
Confirm with . or Enter, or press ? or * to list all spells.
Flames lash the orc priest.
The orc priest is heavily wounded.
The orc priest's fire resistance burns away.
The orc closely misses you.
The orc priest invokes the aid of Beogh against you.
Pain shoots through your body! The orc misses you.
Your magical contamination has completely faded away.
There is an open door here.
The orc priest calls down the wrath of Beogh upon you.
Beogh smites you!
Ouch! That really hurt!
* * * LOW HITPOINT WARNING * * *
You close the door.
An orc opens the door.
Okay, then.
Okay, then.
The orc priest is no longer more vulnerable to fire.
The orc priest calls down the wrath of Beogh upon you.
Beogh smites you!
Ouch! That really hurt!
You die...

### ..# #.#
#.# #.# #@#
## #.# ..
.######o#.##
.......oo..#
..o........#
...........#
...........#
#######.####
#.#


You could see an orc priest and 2 orcs.

Vanquished Creatures
  2 dart slugs (D:2)
  3 bats
  An endoplasm (D:1)
  2 giant cockroaches (D:1)
  3 goblins
  3 hobgoblins
  4 jackals (D:1)
  3 kobolds (D:1)
  3 quokkas
  A ball python (D:1)
  A frilled lizard (D:1)
26 creatures vanquished.

Vanquished Creatures (others)
  57 foxfires
57 creatures vanquished.

Grand Total: 83 creatures vanquished

Notes
Turn   | Place    | Note
-------+----------+-------------------------------------------
     0 | D:1      | Conn the Octopode Fire Elementalist began the quest for the
                  | Orb.
     0 | D:1      | Reached XP level 1. HP: 11/11 MP: 3/3
   142 | D:1      | Reached XP level 2. HP: 15/17 MP: 5/5
   773 | D:2      | Reached XP level 3. HP: 21/21 MP: 6/6
   776 | D:2      | Learned a level 2 spell: Scorch
   780 | D:2      | Learned a level 3 spell: Inner Flame
  1125 | D:2      | Found a faded altar of an unknown god.
  1145 | D:2      | You fall into a shaft and drop 1 floor!
  1155 | D:3      | Killed from afar by an orc priest

Illustrated notes

Levels and vault maps discovered:
D:1:      minmay_arrival_stair_chambers, layout_basic
D:2:      layout_basic, shapermc_ecumenical_altar_mp_ritualfount, uniq_natasha
D:3:      layout_basic, mainiacjoe_overflow_brackets

Skill      XL: |  1  2  3 |
---------------+----------+-----
Stealth        | 3 |  3.0
Short Blades   | |  0.3
Dodging        | |  2.0
Spellcasting   | |  2.4
Conjurations   | |  1.0
Fire Magic     | |  3.7

Action                     || total
---------------------------++-------
  Melee: Short sword       ||    16
         Tentacles         ||     6
         Constrict         ||     4
         Hand axe          ||    10
   Cast: Foxfire           ||    34
         Scorch            ||     1
   Stab: Sleeping          ||     6
 Armour: Skin              ||     1
  Dodge: Dodged            ||    18

Table legend: (Time is in decaauts)
 A = Elapsed time spent in this place.
 B = Non-inter-level travel time spent in this place.
 C = Inter-level travel time spent in this place.
 D = Time resting spent in this place.
 E = Time spent auto-exploring this place.
 F = Levels seen in this place.
 G = Mean time per level.
                   A        B        C        D        E       F      G
               +--------+--------+--------+--------+--------+-----+--------+
         Total |   1156 |   1099 |     57 |      0 |    843 |   3 |  385.3 |
       Dungeon |   1156 |   1099 |     57 |      0 |    843 |   3 |  385.3 |
               +--------+--------+--------+--------+--------+-----+--------+

Top non-repeatable levels by time:
     D:1: 760 daAuts
     D:2: 386 daAuts
     D:3: 9 daAuts
